 Dungeon Crawl Stone Soup version 0.30-a0-883-g5ad918d77d (webtiles) character file.

Game seed: 8277445436242157308

147 hikkokomori the Ducker (level 5, -8/41 HPs)
             Began as a Merfolk Gladiator on Mar 17, 2023.
             Splashed by a jelly's acid (10 damage)
             ... on level 3 of the Dungeon.
             The game lasted 00:02:44 (2250 turns).

hikkokomori the Ducker (Merfolk Gladiator)          Turns: 2250, Time: 00:02:47

Health: -8/41      AC: -11   Str: 15    XL:     5   Next: 29%
Magic:  5/5        EV: 14    Int:  7    God:
Gold:   176        SH:  0    Dex: 17    Spells: 4/4 levels left

rFire   . . .      SeeInvis .    a - +0 long sword
rCold   . . .      Faith    .    (no shield)
rNeg    . . .      Spirit   .    b - +0 leather armour
rPois   +          Reflect  .    c - +0 helmet
rElec   .          Rampage  .    m - +0 cloak
rCorr   .                        (no gloves)
Will    +....                    (no boots)
Stlth   ++                       (no amulet)
HPRegen 0.26/turn                i - ring of poison resistance
MPRegen 0.09/turn                o - ring of willpower

@: corroded
A: (nimble swimmer 2), mertail
a: no special abilities


You were on level 3 of the Dungeon.
You visited 1 branch of the dungeon, and saw 3 of its levels.

You collected 176 gold pieces.

Inventory:

Hand Weapons
 a - a +0 long sword (weapon)
Missiles
 d - 3 throwing nets (quivered)
 e - a javelin
 p - 25 poisoned darts
Armour
 b - a +0 leather armour (worn)
 c - a +0 helmet (worn)
 m - a +0 cloak (worn)
Jewellery
 i - a ring of poison resistance (left hand)
 o - a ring of willpower (right hand)
Scrolls
 g - a scroll of blinking {unknown}
 l - 2 scrolls of teleportation {unknown}
 r - a scroll of identify {unknown}
 s - a scroll of amnesia {unknown}
 u - a scroll of vulnerability {unknown}
Potions
 f - a potion of brilliance {unknown}
 h - a potion of berserk rage {unknown}
 j - a potion of invisibility {unknown}
 k - a potion of lignification {unknown}
 n - a potion of flight {unknown}
 q - a potion of degeneration {unknown}
 t - a potion of mutation {unknown}
 v - 4 potions of curing {unknown}
 w - a potion of attraction {unknown}


   Skills:
 + Level 3.4 Fighting
 + Level 4.7 Long Blades
 - Level 2.0 Throwing
 + Level 5.1 Dodging
 + Level 2.6 Stealth


You had 4 spell levels left.
You didn't know any spells.
Your spell library contained the following spells:

 Spells                   Type           Power      Damage    Failure   Level
 Sting                    Tmut/Pois      0%         1d3       50%         1
 Poisonous Vapours        Pois/Air       0%         N/A       65%         2
 Olgreb's Toxic Radiance  Pois           0%         N/A       99%         4
 Conjure Ball Lightning   Conj/Air       0%         3x3d6     100%        6
 Discord                  Hex            0%         N/A       100%        8
 Disjunction              Tloc           0%         N/A       100%        8


Dungeon Overview and Level Annotations

Branches:
Dungeon (3/15)

Altars:
Hepliaklqana


Innate Abilities, Weirdness & Mutations

((You are very nimble when in or above water. (Stealth+, EV+, Speed+++)))
Your lower body shifts to a powerful aquatic tail in water.


Message History

The jelly jiggles.
There is an open door here.
Things that are here:
a +0 short sword; 4 stones; a kobold corpse You hit the endoplasm.
The endoplasm is almost dead.
The endoplasm hits you but does no damage.
You slash the endoplasm!
You kill the endoplasm!
You hit the endoplasm.
The endoplasm is severely wounded.
The endoplasm misses you.
You barely miss the endoplasm.
The endoplasm is severely wounded.
The endoplasm hits you but does no damage.
You slash the endoplasm!
You kill the endoplasm!
Unknown command.
Things that are here:
a +0 short sword; 4 stones; a kobold corpse You barely miss the jelly.
The jelly hits you but does no damage. The jelly barely misses you.
You slash the jelly! The acid corrodes you!
Your hands burn!
The jelly is heavily wounded.
The jelly hits you. The acid corrodes you!
You are splashed with acid!
* * * LOW HITPOINT WARNING * * *
You barely miss the jelly.
The jelly is heavily wounded.
The jelly closely misses you.
You hit the jelly.
Your hands burn!
* * * LOW HITPOINT WARNING * * *
The jelly is almost dead.
The jelly closely misses you.
You hit the jelly but do no damage. The acid corrodes you!
Your hands burn!
* * * LOW HITPOINT WARNING * * *
The jelly is almost dead.
The jelly hits you.
* * * LOW HITPOINT WARNING * * *
The acid corrodes you!
You are splashed with acid!
You die...

#.#
##.....#######.###
#.#
#.......##.......#
## #.#
#.......###...)..#
#. #.# #.......#
#.†....###. #.#
#.......#
#..........
#....####
#......####
#...('..###.######
########.##.
##JJ@...###.
##'####### #.
#.........
#########
#÷÷..÷....
#.......###
#......÷..
##.........
#.÷.P...÷J
#..#######
#....÷P... #..#
#.P÷.....$ #..#
########## ##..#


You could see a jelly and an endoplasm.

Vanquished Creatures
  A jelly (D:3)
  An iguana (D:3)
  An adder (D:3)
  2 dart slugs (D:1)
  7 bats
  15 endoplasms
  5 goblins
  3 hobgoblins
  4 jackals (D:3)
  12 kobolds
  2 quokkas (D:1)
  7 ball pythons
  5 rats
  A spectral goblin (D:3)
66 creatures vanquished.

Vanquished Creatures (others)
  6 fungi (D:3)
  7 toadstools (D:3)
13 creatures vanquished.

Grand Total: 79 creatures vanquished

Notes
Turn   | Place    | Note
-------+----------+-------------------------------------------
     0 | D:1      | hikkokomori the Merfolk Gladiator began the quest for the
                  | Orb.
     0 | D:1      | Reached XP level 1. HP: 16/16 MP: 1/1
    53 | D:1      | Reached XP level 2. HP: 16/23 MP: 2/2
   217 | D:1      | Reached skill level 1 in Stealth
   384 | D:1      | Reached XP level 3. HP: 26/28 MP: 3/3
  1576 | D:3      | Reached XP level 4. HP: 24/35 MP: 4/4
  1651 | D:3      | Found a hazy altar of Hepliaklqana.
  1687 | D:3      | Found a faded altar of an unknown god.
  2201 | D:3      | Reached skill level 5 in Dodging
  2213 | D:3      | Reached XP level 5. HP: 35/41 MP: 5/5
  2250 | D:3      | HP: 2/41 [jelly (2)]
  2250 | D:3      | Splashed by a jelly's acid

Illustrated notes

Levels and vault maps discovered:
D:1:      minmay_arrival_four_loops, layout_basic
D:2:      layout_rooms
D:3:      cheibrodos_fertilizer, layout_loops_ring,
          nicolae_hepliaklqana_monster_ancestors, nicolae_ecumenical_oubliette,
          roderic_serpentine_path, minmay_misc_feat_nine_boxes

Skill      XL: |  1  2  3  4 |
---------------+-------------+-----
Stealth        | 1 2 |  2.6
Long Blades    | 4 |  4.7
Fighting       | 3 |  3.4
Dodging        | 5 |  5.1
Throwing       | |  2.0

Action                     |  1- 3 |  4- 6 || total
---------------------------+-------+-------++-------
  Melee: Long sword        |    84 |   119 ||   203
         Punch             |     1 |     1 ||     2
   Stab: Sleeping          |     4 |     1 ||     5
         Distracted        |       |     1 ||     1
 Armour: Leather armour    |    23 |    41 ||    64
  Dodge: Dodged            |    60 |    87 ||   147

Table legend: (Time is in decaauts)
 A = Elapsed time spent in this place.
 B = Non-inter-level travel time spent in this place.
 C = Inter-level travel time spent in this place.
 D = Time resting spent in this place.
 E = Time spent auto-exploring this place.
 F = Levels seen in this place.
 G = Mean time per level.
                   A        B        C        D        E       F      G
               +--------+--------+--------+--------+--------+-----+--------+
         Total |   2286 |   2201 |     85 |      0 |   1685 |   3 |  762.0 |
       Dungeon |   2286 |   2201 |     85 |      0 |   1685 |   3 |  762.0 |
               +--------+--------+--------+--------+--------+-----+--------+

Top non-repeatable levels by time:
     D:1: 1020 daAuts
     D:3: 702 daAuts
     D:2: 563 daAuts
